 Dungeon Crawl Stone Soup version 0.20.1-1-g8b1a95d (webtiles) character file.

31 Irenicus the Digger (level 3, -1/24 HPs)
             Began as a Formicid Earth Elementalist on Oct 28, 2017.
             Slain by an adder (3 damage)
             ... on level 1 of the Dungeon.
             The game lasted 00:03:45 (746 turns).

Irenicus the Digger (Formicid Earth Elementalist)    Turns: 746, Time: 00:03:46

Health: -1/24      AC:  3    Str: 12    XL:     3   Next: 40%
Magic:  1/6        EV: 11    Int: 14    God:
Gold:   49         SH:  0    Dex: 12    Spells: 2/6 levels left

rFire    . . .     SeeInvis +   (no weapon)
rCold    . . .     Gourm    +   (no shield)
rNeg     . . .     Faith    .   n - +0 leather armour
rPois    .         Spirit   .   (helmet unavailable)
rElec    .         Reflect  .   (no cloak)
rCorr    .         Harm     .   (no gloves)
MR       .....                  (no boots)
Stlth    ++........             m - amulet of the gourmand
Regen    0.1/turn               (no ring)
MPRegen  0.1/turn               (no ring)

@: lethally poisoned (-1 -> -6)
A: permanent stasis, dig shafts and tunnels, four strong arms, antennae 3
a: Dig, Shaft Self


You were on level 1 of the Dungeon.
You were very hungry.

You visited 1 branch of the dungeon, and saw 2 of its levels.

You collected 49 gold pieces.

Inventory:

Missiles
 b - 18 stones (quivered)
Armour
 c - a +0 robe
 n - a +0 leather armour (worn)
Jewellery
 m - an amulet of the gourmand (around neck)
Scrolls
 f - 2 scrolls of identify {unknown}
 g - a scroll of remove curse
 h - 3 scrolls of amnesia {unknown}
 l - a scroll of recharging {unknown}
 p - a scroll of teleportation {unknown}
Potions
 i - a potion of invisibility {unknown}
 j - a potion of magic {unknown}
 k - a potion of brilliance {unknown}
 o - a potion of mutation {unknown}
Books
 e - a book of Geomancy

   Spells                             Type                      Level
   a - Sandblast                      Earth                        1
   b - Passwall                       Transmutation/Earth          2
   c - Stone Arrow                    Conjuration/Earth            3
   d - Petrify                        Transmutation/Earth          4
   e - Lee's Rapid Deconstruction     Earth                        5
Comestibles
 d - 2 bread rations


   Skills:
 - Level 1.7 Dodging
 - Level 2.4 Stealth
 + Level 2.3 Spellcasting
   Level 1.1 Transmutations
 - Level 5.0 Earth Magic


You had 2 spell levels left.
You knew the following spells:

 Your Spells              Type           Power        Failure   Level  Hunger
a - Sandblast             Erth           ###...       3%          1    #......
b - Stone Arrow           Conj/Erth      #.....       30%         3    ###....


Dungeon Overview and Level Annotations

Branches:
Dungeon (2/15)

Altars:
Qazlal


Innate Abilities, Weirdness & Mutations

You cannot be hasted, slowed, berserked, paralysed or teleported.
You can dig through walls and to a lower floor.
Your four strong arms can wield two-handed weapons with a shield.
You have a pair of large antennae on your head. (SInv)


Message History

The adder misses you.
You closely miss the adder.
The adder is severely wounded.
The adder bites you. The adder closely misses you.
You miss the adder.
The adder is severely wounded.
The adder bites you.
You hit the adder but do no damage.
The adder is severely wounded.
The adder bites you.
* * * LOW HITPOINT WARNING * * *
You are poisoned.
The adder poisons you!
It was a potion of haste.
Your stasis prevents you from being hasted.
* * * LOW HITPOINT WARNING * * *
You feel sick. The adder bites you.
* * * LOW HITPOINT WARNING * * *
The adder bites you.
You die...

#.# #.# ##.#
##.#######.# #.#
#.......##.# #.#
#.#####.##.#######.##
#.# #.##.##........
#.# #.##.##.####.##
#.# #.##.##.# #.##
#.#####.##.##.####.#.
#...@...........##...
####S#.###.##........
##.....#.##...#....
#..................
#.##...####.#......
#.##[######.....###
#.##..)............
#.##..##.###...##.#
#.##..##.####.###.#


You could see an adder.

Vanquished Creatures
  A dart slug (D:1)
  A leopard gecko (D:1)
  A ball python (D:1)
  3 giant cockroaches (D:1)
  2 goblins (D:1)
  6 hobgoblins
  2 kobolds (D:1)
  3 bats (D:1)
  A frilled lizard (D:1)
  4 rats (D:1)
24 creatures vanquished.

Notes
Turn   | Place    | Note
-------+----------+-------------------------------------------
     0 | D:1      | Irenicus the Formicid Earth Elementalist began the quest for the Orb.
     0 | D:1      | Reached XP level 1. HP: 13/13 MP: 3/3
    39 | D:1      | Reached skill level 4 in Earth Magic
    56 | D:1      | Reached XP level 2. HP: 12/19 MP: 0/5
   305 | D:1      | Reached XP level 3. HP: 14/24 MP: 6/6
   425 | D:1      | Reached skill level 5 in Earth Magic
   432 | D:1      | Learned a level 3 spell: Stone Arrow
   716 | D:2      | Found a stormy altar of Qazlal.
   746 | D:1      | Slain by an adder

Skill      XL: |  1  2  3 |
---------------+----------+-----
Earth Magic    | 4 5 |  5.0
Dodging        | |  1.7
Stealth        | |  2.4
Spellcasting   | |  2.3
Transmutations | |  1.1

Action                   || total
-------------------------++-------
Melee: Unarmed           ||    66
 Cast: Sandblast         ||    28
       Stone Arrow       ||     1
 Abil: Dig               ||     5
  Use: Scroll            ||     1
       Potion            ||     1
 Stab: Sleeping          ||     3
Armor: Robe              ||     8
       Leather armour    ||    11
Dodge: Dodged            ||    56
